 Dungeon Crawl Stone Soup version 0.30.0 (webtiles) character file.

Game seed: 2705413625791467931

1772 jasper the Cleaver (level 9, 0/78 HPs)
             Began as a Hill Orc Cinder Acolyte on May 6, 2023.
             Was a High Priest of Ignis.
             Succumbed to an adder's poison
             ... on level 5 of the Dungeon.
             The game lasted 00:06:54 (4895 turns).

jasper the Cleaver (Hill Orc Cinder Acolyte)        Turns: 4895, Time: 00:06:55

Health: 0/78       AC: 18    Str: 21    XL:     9   Next: 7%
Magic:  10/10      EV:  9    Int: 14    God:    Ignis [*****.]
Gold:   190        SH:  0    Dex:  6    Spells: 7/10 levels left

rFire   + . .        y - +0 war axe
rCold   . . .        k - +0 buckler
rNeg    . . .        G - +0 scale mail
rPois   .            s - +0 helmet
rElec   .            (no cloak)
rCorr   .            n - +1 pair of gloves
SInv    .            u - +0 pair of boots
Will    .....        (no amulet) Stlth
                     (no ring)
HPRegen 0.33/turn    (no ring)
MPRegen 0.12/turn

%: no passive effects
@: confused, brilliant, lethally poisoned (0 -> -1), fiery-armoured
A: wild magic 1
a: Renounce Religion, Fiery Armour, Foxfire Swarm


You were on level 5 of the Dungeon.
You worshipped Ignis.
Ignis was extremely pleased with you.
You visited 1 branch of the dungeon, and saw 6 of its levels.

You collected 190 gold pieces.

Inventory:

Hand Weapons
 a - a -1 hand axe of flaming
 j - a +1 whip of electrocution
 y - a +0 war axe (weapon)
 H - a +4 battleaxe
Missiles
 c - 50 stones (quivered)
Armour
 b - a +0 robe
 d - a +0 leather armour
 k - a +0 buckler (worn)
 m - a +0 ring mail
 n - a +1 pair of gloves (worn)
 q - a +0 pair of boots
 s - a +0 helmet (worn)
 u - a +0 pair of boots (worn)
 G - a +0 scale mail (worn)
Jewellery
 f - a ring of ice
 x - a ring of ice
Wands
 t - a wand of flame (26)
Scrolls
 g - a scroll of magic mapping {unknown}
 i - 3 scrolls of amnesia {unknown}
 o - 5 scrolls of identify {unknown}
 r - 4 scrolls of teleportation {unknown}
 w - a scroll of enchant weapon {unknown}
 B - a scroll of blinking {unknown}
 E - a scroll of summoning {unknown}
Potions
 e - 3 potions of mutation
 h - 2 potions of brilliance
 l - 3 potions of invisibility {unknown}
 p - 3 potions of might {unknown}
 v - a potion of degeneration {unknown}
 z - 2 potions of haste {unknown}
 A - 2 potions of curing {unknown}
 C - 2 potions of heal wounds {unknown}
 D - a potion of attraction {unknown}
 F - a potion of cancellation {unknown}


   Skills:
 - Level 6.6 Fighting
 - Level 10.0 Axes
 - Level 4.8 Armour
 - Level 1.0 Spellcasting
 - Level 3.2 Fire Magic
 + Level 4.9 Air Magic


You had 7 spell levels left.
You knew the following spells:

 Your Spells              Type           Power      Damage    Failure   Level
a - Swiftness             Air            28%        N/A       43%         3

Your spell library contained the following spells:

 Spells                   Type           Power      Damage    Failure   Level
 Shock                    Conj/Air       56%        1d6       41%         1
 Scorch                   Fire           38%        2d6       43%         2
 Airstrike                Air            14%        2d(2-18)  82%         4
 Summon Guardian Golem    Hex/Summ       1%         N/A       97%         3
 Orb of Destruction       Conj           0%         9d5       100%        7
 Spellforged Servitor     Conj/Summ      0%         N/A       100%        7


Dungeon Overview and Level Annotations

Branches:
Dungeon (6/15)
 Temple: D:4-7

Altars:
Cheibriados
Fedhas
Wu Jian

Shops:
D:2 :   D:3 =

Annotations:
D:6 Sigmund


Innate Abilities, Weirdness & Mutations

Your spells are a little harder to cast, but a little more powerful.


Message History

You feel sick.
The gnoll shouts!
Sigmund the Dreaded comes into view.
He is wielding a +0 scythe.
You feel sick.
Sigmund shouts!
An adder comes into view.
Found 4 gold pieces.
You feel sick.
Found a dagger.
You feel sick.
You are no longer poisoned.
Sigmund hits you from afar with a +0 scythe!
* * * LOW HITPOINT WARNING * * *
You begin to rise into the air.
The adder bites you.
* * * LOW HITPOINT WARNING * * *
You are lethally poisoned!
The adder poisons you!
The adder is burned by your cloak of flames.
The adder is severely wounded.
Sigmund casts a spell at you.
You are confused.
You bump into the rock wall.
* * * LOW HITPOINT WARNING * * *
You feel sick. The adder barely misses you. Sigmund closely misses you.
The adder bites you but does no damage.
The adder is burned by your cloak of flames.
You kill the adder!
Okay, then.
You bump into the rock wall.
With a burst of heat and light, you rocket upward!
* * * LOW HITPOINT WARNING * * *
You feel sick.
There is a shaft here.
There is a lethal amount of poison in your body!
It was a potion of brilliance.
You feel clever all of a sudden.
* * * LOW HITPOINT WARNING * * *
You feel sick.
It was a potion of mutation.
You feel extremely strange.
You feel resistant to poisons.
You feel less resistant to poisons.
You feel less in control of your magic.
You die...

##...#.......##.#.####
#.# #####.......##†#.#
#.# #.......##.#.######.#
##########.#........#
#.......#### #.#####.#
#.....#.#
######.....#.#####
#...@............#
########.####.....#.###.#
####........###......#.#
#.#
#...........##.........#
#.#
#.#.>#.###...##...######
#.# #.#..#.......###.##
#.# #.#..#..##...# #.#
#.# #.#.....###.## #.#
#.#### #.#..#.####.#
##'## #.##.#


There were no monsters in sight!

Vanquished Creatures
  Eustachio (D:6)
  2 water moccasins
  A black bear (D:5)
  An ice beast (D:5)
  2 ogres
  A centaur (D:5)
  2 phantoms
  2 scorpions
  4 wights (D:6)
  2 howler monkeys (D:6)
  An orc priest (D:5)
  6 hounds
  An iguana (D:6)
  Robin (D:2)
  7 adders
  A shadow imp (D:6)
  3 white imps
  A worm (D:4)
  5 dart slugs
  2 orcs (D:5)
  7 ball pythons
  2 endoplasms (D:1)
  7 giant cockroaches
  13 goblins
  15 hobgoblins
  9 jackals
  6 kobolds
  3 quokkas
  5 bats
  2 frilled lizards
  7 rats
  A spectral goblin (D:2)
123 creatures vanquished.

Notes
Turn   | Place    | Note
-------+----------+-------------------------------------------
     0 | D:1      | jasper the Hill Orc Cinder Acolyte began the quest for the
                  | Orb.
     0 | D:1      | Reached XP level 1. HP: 19/19 MP: 2/2
   187 | D:1      | Reached XP level 2. HP: 25/26 MP: 3/3
   417 | D:1      | Reached skill level 5 in Axes
   591 | D:1      | Reached XP level 3. HP: 33/33 MP: 4/4
  1182 | D:2      | Noticed Robin
  1203 | D:2      | Reached skill level 1 in Armour
  1217 | D:2      | Reached XP level 4. HP: 28/40 MP: 5/5
  1236 | D:2      | Killed Robin
  1237 | D:2      | Reached skill level 6 in Axes
  1308 | D:2      | Found a faded altar of an unknown god.
  1517 | D:2      | Found Qodih's Book Shoppe.
  1814 | D:3      | Noticed a phantom
  1824 | D:3      | Reached XP level 5. HP: 40/47 MP: 6/6
  1850 | D:3      | Killed a phantom
  2162 | D:3      | Reached skill level 7 in Axes
  2321 | D:3      | Found Zoar's Jewellery Shoppe.
  2468 | D:4      | Noticed an ogre
  2479 | D:4      | Killed an ogre
  2480 | D:4      | Reached XP level 6. HP: 35/55 MP: 7/7
  2567 | D:4      | Reached skill level 5 in Fighting
  2823 | D:4      | Reached skill level 8 in Axes
  2823 | D:4      | Reached XP level 7. HP: 61/61 MP: 8/8
  3012 | D:4      | Found a blossoming altar of Fedhas.
  3015 | D:4      | Found a snail-covered altar of Cheibriados.
  3018 | D:4      | Found an ornate altar of the Wu Jian Council.
  3438 | D:5      | Entered Level 5 of the Dungeon
  3703 | D:5      | Reached skill level 9 in Axes
  3870 | D:5      | Learned a level 3 spell: Swiftness
  4065 | D:5      | Reached XP level 8. HP: 71/71 MP: 9/9
  4448 | D:5      | Reached skill level 10 in Axes
  4635 | D:6      | Reached skill level 1 in Air Magic
  4736 | D:6      | Noticed Eustachio
  4789 | D:6      | Killed Eustachio
  4876 | D:6      | Reached XP level 9. HP: 30/78 MP: 10/10
  4887 | D:6      | Noticed Sigmund
  4891 | D:6      | HP: 3/78 [adder (3)]
  4893 | D:5      | HP: 1/78 [poisoned by an adder]
  4895 | D:5      | Gained mutation: Your system is resistant to poisons.
                  | (rPois) [potion of mutation]
  4895 | D:5      | Lost mutation: Your system is resistant to poisons. (rPois)
                  | [potion of mutation]
  4895 | D:5      | Gained mutation: Your spells are a little harder to cast,
                  | but a little more powerful. [potion of mutation]
  4895 | D:5      | Succumbed to an adder's poison

Illustrated notes

Levels and vault maps discovered:
D:1:      dpeg_arrival_lava_temple_mockup, layout_basic
D:2:      layout_basic, dreamdust_ecumenical_altar_drowned_temple, serial_shops,
          shop, uniq_robin
D:3:      layout_loops_ring, serial_shops, shop
D:4:      layout_cave_pods, grunt_temple_overflow_diamond
D:5:      layout_loops_corners, minivault_27
D:6:      layout_basic, minmay_microvault, uniq_eustachio, uniq_sigmund

Skill      XL: |  1  2  3  4  5  6  7  8 |
---------------+-------------------------+-----
Axes           | 5 6 7 8 9 10 | 10.0
Armour         | 1 2 3 4 |  4.8
Fighting       | 4 5 6 |  6.6
Air Magic      | 4 |  4.9
Spellcasting   | |  1.0
Fire Magic     | |  3.2

Action                     |  1- 3 |  4- 6 |  7- 9 || total
---------------------------+-------+-------+-------++-------
  Melee: Hand axe          |    41 |       |       ||    41
         Whip              |    69 |   172 |   106 ||   347
         War axe           |       |       |   100 ||   100
 Invoke: Fiery Armour      |       |     1 |     1 ||     2
         Rising Flame      |       |       |     1 ||     1
  Evoke: Wand              |       |       |     2 ||     2
    Use: Potion            |       |       |     2 ||     2
 Armour: Leather armour    |    19 |       |       ||    19
         Ring mail         |    47 |    71 |    54 ||   172
         Scale mail        |       |       |    39 ||    39
  Dodge: Dodged            |    54 |    68 |    88 ||   210
  Block: Buckler           |     7 |    13 |    17 ||    37
